 Dungeon Crawl Stone Soup version 0.24-a0-203-gf0bc1e9 (webtiles) character file.

Game seed: 15125779012070189383

174 Inarius the Skirmisher (level 5, -1/42 HPs)
             Began as a Demonspawn Abyssal Knight on Mar 27, 2019.
             Was a Priest of Lugonu.
             Slain by a wraith (7 damage)
             ... in an ossuary.
             The game lasted 00:06:12 (3568 turns).

Inarius the Skirmisher (Demonspawn Abyssal Knight)  Turns: 3568, Time: 00:06:13

Health: -1/42      AC: 11    Str: 10 (13) XL:     5   Next: 28%
Magic:  7/7        EV:  4    Int: 12 (13) God:    Lugonu [***...]
Gold:   117        SH:  0    Dex: 10 (13) Spells: 4/4 levels left

rFire    + . .     SeeInvis .   o - +1 hand axe (flame)
rCold    + + .     Gourm    .   (no shield)
rNeg     . . .     Faith    .   m - +0 chain mail
rPois    +         Spirit   .   r - +0 helmet
rElec    +         Reflect  .   (no cloak)
rCorr    +         Harm     .   (no gloves)
MR       .....                  w - +0 pair of boots {run}
Stlth    ..........             (no amulet)
HPRegen  0.14/turn              (no ring)
MPRegen  0.10/turn              (no ring)

@: resistant, slowed, very slow
A: cold resistance 1, spiny 1, freezing cloud immunity
a: Depart the Abyss, Bend Space, Banish, Renounce Religion


You were in an ossuary.
You worshipped Lugonu.
Lugonu was most pleased with you.
You were not hungry.

You visited 1 branch of the dungeon, and saw 4 of its levels.
You visited the Abyss 1 time.
You also visited: Ossuary.

You collected 117 gold pieces.

Inventory:

Hand Weapons
 a - a +0 war axe
 o - a +1 hand axe of flaming (weapon)
Armour
 m - a +0 chain mail (worn)
 r - a +0 helmet (worn)
 w - a +0 pair of boots of running (worn)
Scrolls
 b - 3 scrolls of fear {unknown}
 d - 2 scrolls of teleportation {unknown}
 f - a scroll of random uselessness {unknown}
 g - 7 scrolls of identify {unknown}
 h - 4 scrolls of blinking {unknown}
 l - 2 scrolls of magic mapping {unknown}
 n - 2 scrolls of enchant weapon {unknown}
 s - 2 scrolls of remove curse {unknown}
 t - a scroll of amnesia {unknown}
Potions
 e - a potion of degeneration
 i - 2 potions of haste {unknown}
 j - a potion of curing
 p - a potion of heal wounds {unknown}
 q - a potion of brilliance {unknown}
 u - a potion of might {unknown}
 v - a potion of resistance
 x - a potion of agility {unknown}
 z - a potion of magic {unknown}
Comestibles
 c - 4 rations
 k - 2 chunks of flesh


   Skills:
 + Level 3.7 Fighting
 * Level 3.6 Axes
 * Level 2.7 Armour
 + Level 1.2 Dodging
 - Level 0.2 Stealth
 * Level 3.0 Invocations


You had 4 spell levels left.
You didn't know any spells.
Your spell library was empty.

Dungeon Overview and Level Annotations

Branches:
Dungeon (4/15)
 Temple: D:4-7

Altars:
Trog
The Shining One

Annotations:
D:3 3 runed translucent doors, Ratty's ghost, amateur DENe


Innate Abilities, Weirdness & Mutations

Your flesh is cold resistant. (rC+)
You are partially covered in sharp spines.
You are immune to freezing clouds.


Message History

* * * LOW HITPOINT WARNING * * *
The wraith drains your vigour!
You feel as though you will be slow longer.
The wraith hits you.
* * * LOW HITPOINT WARNING * * *
Your chain mail prevents you from hitting the wraith.
The wraith is moderately damaged.
The wraith hits you.
* * * LOW HITPOINT WARNING * * *
The wraith drains your vigour!
You feel as though you will be slow longer.
The wraith hits you but does no damage.
You feel better. The wraith hits you.
* * * LOW HITPOINT WARNING * * *
The wraith drains your vigour!
You feel as though you will be slow longer.
It was a potion of resistance.
You feel protected. The wraith completely misses you. The wraith hits you!
You die...

#.# #'# #.#
###.### #z▓.▓W#
###.### #.#
#######'######
#..@..........#
#.W##.###.##+.#
#.#.#.#z .# #.
##.### # #. ...
#. ... #. ##.//
#. z#.!! #.


You could see a wraith and a flying skull.

Vanquished Creatures
  A hound (D:3)
  An orc wizard (D:4)
  3 adders (D:2)
  An adder zombie (Ossuary)
  A dart slug (D:2)
  2 leopard geckos
  9 orcs
  4 giant cockroaches
  3 goblins
  8 hobgoblins
  6 jackals (D:1)
  3 quokkas
  A ball python skeleton (Ossuary)
  8 bats
  5 frilled lizards
  3 hobgoblin skeletons (Ossuary)
  5 kobolds
  4 kobold zombies (Ossuary)
  An orc skeleton (Ossuary)
  8 rats
77 creatures vanquished.

Vanquished Creatures (others)
  2 starspawn tentacles (Abyss:1)
2 creatures vanquished.

Grand Total: 79 creatures vanquished

Notes
Turn   | Place    | Note
-------+----------+-------------------------------------------
     0 | Abyss:1  | Inarius the Demonspawn Abyssal Knight began the quest for
                  | the Orb.
     0 | Abyss:1  | Reached XP level 1. HP: 18/18 MP: 2/2
    48 | Abyss:1  | Noticed a tentacled starspawn
    48 | Abyss:1  | Noticed a large abomination
    61 | D:1      | Escaped the Abyss
    69 | D:1      | Reached * piety under Lugonu
   495 | D:1      | Gained mutation: Your flesh is cold resistant. (rC+)
                  | [demonic ancestry]
   495 | D:1      | Reached XP level 2. HP: 19/24 MP: 3/3
  1594 | D:2      | Reached XP level 3. HP: 29/29 MP: 4/4
  1646 | D:2      | Found a glowing golden altar of the Shining One.
  1834 | D:2      | Reached skill level 1 in Dodging
  1933 | D:2      | Reached ** piety under Lugonu
  2305 | D:2      | Gained mutation: You are partially covered in sharp spines.
                  | [demonic ancestry]
  2305 | D:2      | Reached XP level 4. HP: 36/36 MP: 6/6
  2824 | D:3      | Found a runed translucent gate.
  2825 | D:3      | Found a runed translucent gate.
  2826 | D:3      | Found a runed translucent gate.
  2849 | D:3      | Noticed Ratty's ghost (amateur DENe)
  3154 | D:3      | Found a bloodstained altar of Trog.
  3353 | D:4      | Gained mutation: You are immune to freezing clouds.
                  | [demonic ancestry]
  3353 | D:4      | Reached XP level 5. HP: 41/42 MP: 7/7
  3438 | D:4      | Identified a +0 pair of boots of running (You found it on
                  | level 4 of the Dungeon)
  3445 | D:4      | Found a sand-covered staircase.
  3450 | Ossuary  | Entered an ossuary
  3517 | Ossuary  | Reached *** piety under Lugonu
  3542 | Ossuary  | Noticed a flying skull
  3542 | Ossuary  | Noticed a wraith
  3548 | Ossuary  | Noticed a flying skull
  3550 | Ossuary  | Noticed a flying skull
  3553 | Ossuary  | Noticed a wraith
  3562 | Ossuary  | HP: 2/42 [wraith (8)]
  3568 | Ossuary  | Slain by a wraith

Levels and vault maps discovered:
D:1:      minmay_arrival_diagonal_passages, layout_basic
D:2:      layout_basic, overflow_temple_1_default
D:3:      layout_loops_ring, gammafunk_ghost_icy, bloody_trog
D:4:      layout_basic, enter_ossuary_2, nicolae_dithmenos_the_darkroom,
          uniq_edmund
Abyss:1
Ossuary:  ossuary_due_cavern

Skill      XL: |  1  2  3  4 |
---------------+-------------+-----
Axes           | 2 3 |  3.6
Armour         | 2 |  2.7
Dodging        | 1 |  1.2
Invocations    | 3 |  3.0
Fighting       | |  3.7
Stealth        | |  0.2

Action                   |  1- 3 |  4- 6 || total
-------------------------+-------+-------++-------
Melee: Hand axe          |   120 |    70 ||   190
Invok: Depart the Abyss  |     1 |       ||     1
  Use: Potion            |       |     5 ||     5
  Eat: Chunk             |     4 |     4 ||     8
Armor: Leather armour    |    23 |       ||    23
       Ring mail         |    16 |       ||    16
       Chain mail        |       |    38 ||    38
Dodge: Dodged            |   103 |    14 ||   117

Table legend:
 A = Non-vault XP
 B = Vault XP
 C = Vault XP percentage of total XP
 D = Non-vault monster count
 E = Vault monster count
 F = Vault count percentage of total count
                 A         B        C        D         E       F
            +---------+---------+-------+---------+---------+-------
      Total |     234 |      15 |   6.0 |      67 |      10 |  13.0
            +---------+---------+-------+---------+---------+-------
        D:1 |      40 |       0 |   0.0 |      24 |       0 |   0.0
        D:2 |      72 |       0 |   0.0 |      24 |       0 |   0.0
        D:3 |      68 |       0 |   0.0 |      13 |       0 |   0.0
        D:4 |      54 |       0 |   0.0 |       6 |       0 |   0.0
    Ossuary |       0 |      15 | 100.0 |       0 |      10 | 100.0
            +---------+---------+-------+---------+---------+-------
